 Dungeon Crawl Stone Soup version 0.28-a0-662-g1651b1f1e0 (webtiles) character file.

Game seed: 8178085922568857880

379 Gwenloh the Quickloader (level 7, -3/38 (40) HPs)
             Began as a Kobold Hunter on Oct 15, 2021.
             Was a Follower of Okawaru.
             Slain by an orc wizard (4 damage)
             ... on level 3 of the Dungeon.
             The game lasted 00:07:35 (2413 turns).

Gwenloh the Quickloader (Kobold Hunter)             Turns: 2413, Time: 00:07:37

HP:   -3/38 (40)    AC:  3    Str:  9    XL:     7   Next: 4%
MP:   7/7           EV: 14    Int: 13    God:    Okawaru [*.....]
Gold: 95            SH:  0    Dex: 17    Spells: 6/6 levels left

rFire   . . .      SeeInvis .   a - +1 hand crossbow (freeze)
rCold   . . .      Faith    .   (shield restricted)
rNeg    . . .      Spirit   .   c - +0 leather armour
rPois   .          Reflect  .   (no helmet)
rElec   .          Harm     .   (no cloak)
rCorr   .          Rampage  .   (no gloves)
Will    .....                   (no boots)
Stlth   ++........              (no amulet)
HPRegen 0.12/turn               (no ring)
MPRegen 0.10/turn               (no ring)

@: silenced, drained
A: small, no large weapons, nightstalker 3
a: Renounce Religion


You were on level 3 of the Dungeon.
You worshipped Okawaru.
Okawaru was aware of your devotion.
You visited 1 branch of the dungeon, and saw 3 of its levels.

You collected 95 gold pieces.

Inventory:

Hand Weapons
 a - a +1 hand crossbow of freezing (weapon)
 b - a +2 whip of venom
 f - a +0 short sword
Missiles
 d - 36 bolts (quivered ammo)
Armour
 c - a +0 leather armour (worn)
Jewellery
 i - a ring of poison resistance
Wands
 m - a wand of polymorph (5)
Scrolls
 g - a scroll of fog
 n - a scroll of silence
Potions
 e - a potion of mutation
 h - a potion of brilliance
 l - a potion of flight {unknown}


   Skills:
 - Level 2.1 Fighting
 + Level 9.4 Crossbows
 - Level 2.4 Dodging
 - Level 1.3 Stealth


You had 6 spell levels left.
You didn't know any spells.
Your spell library was empty.

Dungeon Overview and Level Annotations

Branches:
Dungeon (3/15)

Altars:
Cheibriados
Okawaru
Uskayaw
Zin


Innate Abilities, Weirdness & Mutations

You are small and have problems with some larger weapons.
You are completely attuned to the shadows.


Message History

The orc wizard flickers and vanishes!
Deactivating autopickup; reactivate with Ctrl-A.
You are too injured to fight recklessly!
Fire: 40 bolts
Press: ? - help, Q - select action, (/) - cycle Shift-Dir - straight line, f - orc
Aim: an orc, wielding a +0 whip (69% to hit)
You shoot a bolt. The bolt closely misses the orc wizard.
The bolt hits the orc!
The bolt freezes the orc.
You kill the orc!
Okawaru accepts your kill.
The orc wizard hits you with a +0 dagger.
* * * LOW HITPOINT WARNING * * *
Fire: 39 bolts
Press: ? - help, Q - select action, (/) - cycle Shift-Dir - straight line You shoot a bolt.
The bolt closely misses the orc wizard.
Fire: 38 bolts
Press: ? - help, Q - select action, (/) - cycle Shift-Dir - straight line You can't see that place. [the floor.]
You can't see that place.
Okay, then.
Fire: 38 bolts
Press: ? - help, Q - select action, (/) - cycle Shift-Dir - straight line, f - orc wizard
Aim: an orc wizard, wielding a +0 dagger and wearing a +0 robe (63% to hit)
You shoot a bolt.
Unknown command.
Unknown command.
Fire: 37 bolts
Press: ? - help, Q - select action, (/) - cycle Shift-Dir - straight line, f/p - orc wizard
Aim: an orc wizard, wielding a +0 dagger and wearing a +0 robe (63% to hit)
You shoot a bolt. The bolt hits the orc wizard.
The bolt freezes the orc wizard.
The orc wizard is heavily wounded.
Something hits you.
* * * LOW HITPOINT WARNING * * *
You feel drained.
* * * LOW HITPOINT WARNING * * *
Something hits you.
You die...

###....#.#####....#
###..>............#
...##.............#
...........#.######
....###....#.#####
....#............#
.....####.##...#.#
..##### .......#.#
.##...## .#....#@#
.#.8.8.# +....#(#
.#.._..# #o# ..
.#...8.# #.####.#.
.#'...##
.#(........ ..#####
#........#.##
⌠.....
..............
..#####
..............
.#)...##
........).((.(


You could see an orc wizard.

Vanquished Creatures
  Grinder (D:3)
  Jessica (D:3)
  Natasha (thrice) (D:2)
  Terence (D:2)
  2 adders (D:2)
  A dart slug (D:2)
  2 orcs (D:3)
  2 bats
  An endoplasm (D:2)
  A giant cockroach (D:2)
  6 goblins
  2 hobgoblins
  A quokka (D:1)
  8 ball pythons
  A frilled lizard (D:1)
  7 kobolds
  A rat (D:2)
41 creatures vanquished.

Notes
Turn   | Place    | Note
-------+----------+-------------------------------------------
     0 | D:1      | Gwenloh the Kobold Hunter began the quest for the Orb.
     0 | D:1      | Reached XP level 1. HP: 12/12 MP: 1/1
   220 | D:1      | Reached skill level 5 in Crossbows
   290 | D:1      | Found a faded altar of an unknown god.
   312 | D:1      | Reached XP level 2. HP: 17/17 MP: 2/2
  1237 | D:2      | Reached skill level 6 in Crossbows
  1237 | D:2      | Reached XP level 3. HP: 21/21 MP: 3/3
  1564 | D:2      | Noticed Natasha
  1571 | D:2      | Killed Natasha
  1572 | D:2      | Reached XP level 4. HP: 15/26 MP: 4/4
  1814 | D:2      | Noticed Terence
  1888 | D:2      | Killed Terence
  1889 | D:2      | Reached skill level 7 in Crossbows
  1889 | D:2      | Reached XP level 5. HP: 30/30 MP: 5/5
  1961 | D:2      | Noticed Natasha
  1964 | D:2      | Killed Natasha
  2004 | D:2      | Noticed Natasha
  2009 | D:2      | Killed Natasha
  2146 | D:3      | Found a snail-covered altar of Cheibriados.
  2155 | D:3      | Found an iron altar of Okawaru.
  2160 | D:3      | Found a hide-covered altar of Uskayaw.
  2232 | D:3      | Found a glowing silver altar of Zin.
  2273 | D:3      | Became a worshipper of Warmaster Okawaru
  2374 | D:3      | Noticed Grinder
  2385 | D:3      | Noticed Jessica
  2387 | D:3      | Killed Jessica
  2388 | D:3      | Reached skill level 8 in Crossbows
  2400 | D:3      | Killed Grinder
  2400 | D:3      | Reached * piety under Okawaru
  2401 | D:3      | Reached skill level 9 in Crossbows
  2401 | D:3      | Reached XP level 6. HP: 12/35 MP: 6/6
  2401 | D:3      | Reached XP level 7. HP: 13/40 MP: 7/7
  2413 | D:3      | HP: 1/38 [something (1)]
  2413 | D:3      | Slain by an orc wizard

Illustrated notes

Levels and vault maps discovered:
D:1:      erik_arrival_cave_to_civilisation [erik_arrival_cave_to_hall],
          layout_basic, serial_glass, glass_columns_a, glass_columns_a,
          shapermc_ecumenical_altar_starsandcircs
D:2:      layout_basic, minmay_split_cup_small, uniq_terence, uniq_natasha
D:3:      layout_basic, old_standard_altar, grunt_temple_overflow_cloverleaf,
          kennysheep_big_empty_room, uniq_grinder, uniq_crazy_yiuf_cottage,
          uniq_jessica

Skill      XL: |  1  2  3  4  5 |
---------------+----------------+-----
Crossbows      | 5 6 7 9 |  9.4
Fighting       | |  2.1
Dodging        | |  2.4
Stealth        | |  1.3

Action                   |  1- 3 |  4- 6 |  7- 9 || total
-------------------------+-------+-------+-------++-------
Melee: Short sword       |     7 |       |       ||     7
       Whip              |    19 |     1 |       ||    20
 Fire: Hand crossbow     |    43 |    48 |     4 ||    95
  Use: Potion            |     2 |       |       ||     2
       Scroll            |       |     6 |     1 ||     7
Armor: Leather armour    |     2 |     2 |       ||     4
       Skin              |     9 |       |       ||     9
Dodge: Dodged            |    25 |     8 |       ||    33

Table legend: (Time is in decaauts)
 A = Elapsed time spent in this place.
 B = Non-inter-level travel time spent in this place.
 C = Inter-level travel time spent in this place.
 D = Time resting spent in this place.
 E = Time spent auto-exploring this place.
 F = Levels seen in this place.
 G = Mean time per level.
                   A        B        C        D        E       F      G
               +--------+--------+--------+--------+--------+-----+--------+
         Total |   2420 |   2366 |     54 |    254 |   1740 |   3 |  806.7 |
       Dungeon |   2420 |   2366 |     54 |    254 |   1740 |   3 |  806.7 |
               +--------+--------+--------+--------+--------+-----+--------+

Top non-repeatable levels by time:
     D:1: 1206 daAuts
     D:2: 881 daAuts
     D:3: 333 daAuts
